 Dungeon Crawl Stone Soup version 0.28.0-53-g5a82cb258f (webtiles) character file.

Game seed: 16578900454950515157

2277 worthlessgem the Sneak (level 9, 30/38 HPs)
             Began as a Felid Transmuter on Aug 22, 2022.
             Was a Follower of Elyvilon.
             Quit the game on level 4 of the Dungeon.
             The game lasted 00:54:54 (10671 turns).

worthlessgem the Sneak (Felid Transmuter)          Turns: 10671, Time: 00:54:54

Health: 30/38      AC:  2    Str:  8    XL:     9   Next: 16%
Magic:  15/16      EV: 19    Int: 17    God:    Elyvilon [*.....]
Gold:   316        SH:  0    Dex: 16    Spells: 7/16 levels left
                                        Lives:  0   Deaths: 2

rFire   . . .      SeeInvis +     - Unarmed
rCold   . . .      Faith    .   (shield unavailable)
rNeg    . . .      Spirit   .   (armour unavailable)
rPois   .          Reflect  .   (helmet unavailable)
rElec   .          Harm     .   (cloak unavailable)
rCorr   .          Rampage  .   (gloves unavailable)
Will    +....                   (boots unavailable)
Stlth   ++++......              (no amulet)
HPRegen 0.12/turn               g - ring of flight
MPRegen 0.15/turn               (no ring)

@: flying, quick
A: very small, claws 1, fangs 3, see invisible, speed 1, shaggy fur 2, stealthy
paws, no weapons or thrown items, no armour, multi-lived
a: Renounce Religion, Purification


You were on level 4 of the Dungeon.
You worshipped Elyvilon.
Elyvilon was aware of your devotion.
You visited 2 branches of the dungeon, and saw 9 of its levels.

You collected 316 gold pieces.

Inventory:

Missiles
 k - 53 stones
Jewellery
 g - a ring of flight (left paw)
 n - a ring of magical power
Wands
 q - a wand of charming (4)
Scrolls
 d - 2 scrolls of fog {unknown}
 i - 2 scrolls of magic mapping {unknown}
 l - 2 scrolls of teleportation {unknown}
 o - 3 scrolls of identify
 p - a scroll of blinking {unknown}
 s - a scroll of fear
Potions
 a - 2 potions of mutation {unknown}
 b - 2 potions of haste
 c - 2 potions of magic {unknown}
 e - a potion of brilliance {unknown}
 h - a potion of attraction {unknown}
 j - 2 potions of might {unknown}
 m - a potion of experience {unknown}
 r - a potion of lignification {unknown}


   Skills:
 + Level 3.5 Fighting
 + Level 5.3 Dodging
 - Level 7.3 Stealth
 * Level 3.7 Unarmed Combat
 - Level 4.0 Spellcasting
 - Level 6.0 Transmutations
 - Level 5.2 Earth Magic
 * Level 1.4 Poison Magic
 - Level 6.0 Invocations


You had 7 spell levels left.
You knew the following spells:

 Your Spells              Type           Power      Damage    Failure   Level
a - Beastly Appendage     Tmut           46%        N/A       1%          1
b - Wereblood             Tmut           23%        N/A       1%          2
c - Spider Form           Tmut/Pois      16%        N/A       11%         3
d - Sandblast             Erth           42%        2d11      1%          1
e - Passwall              Tmut/Erth      18%        N/A       2%          2

Your spell library contained the following spells:

 Spells                   Type           Power      Damage    Failure   Level
 Stone Arrow              Conj/Erth      24%        3d8       16%         3
 Ice Form                 Ice/Tmut       13%        N/A       41%         4
 Confusing Touch          Hex            3%         N/A       43%         3
 Yara's Violent Unravell  Hex/Tmut       6%         3d5       77%         5
 Hailstorm                Conj/Ice       3%         3d3       83%         4
 Summon Forest            Summ/Tloc      1%         N/A       99%         5
 Conjure Ball Lightning   Conj/Air       1%         3x3d6     100%        6
 Simulacrum               Ice/Necr       1%         N/A       100%        6
 Starburst                Conj/Fire      1%         6d3       100%        6
 Enfeeble                 Hex            1%         N/A       100%        7


Dungeon Overview and Level Annotations

Branches:
Dungeon (8/15)             Temple (1/1) D:5
   Lair: D:8-11

Altars:
Ashenzari
Cheibriados
Dithmenos
Elyvilon
Fedhas
Gozag
Hepliaklqana
Kikubaaqudgha
Makhleb
Nemelex Xobeh
Okawaru
Ru
Sif Muna
Trog
Uskayaw
Vehumet
Wu Jian
Xom
Yredelemnul
Zin
The Shining One

Shops:
D:4 *   D:6 ?   D:7 *

Annotations:
D:3 Terence
D:5 exclusion: steam dragon
D:7 Dowan, Duvessa


Innate Abilities, Weirdness & Mutations

You have sharp claws.
You have razor-sharp teeth.
You have supernaturally acute eyesight. (SInv)
You cover ground quickly. (Speed+)
You are covered in thick fur. (AC +2)
Your paws help you pounce on unaware monsters.
You are incapable of wielding weapons or throwing items.
You cannot wear armour.
You gain extra lives every three experience levels.


Message History

k - 55 stones You feel very sick.
The water moccasin misses you. The water moccasin bites you.
Casting: Sandblast (safe; 1% risk of failure)
Confirm with . or Enter, or press ? or * to list all spells.
Aiming: Sandblast (safe; 1% risk of failure)
Press: ? - help, Shift-Dir - straight line, f/p - water moccasin
Aim: a water moccasin (almost dead, 68% to hit)
The blast of sand hits the water moccasin!
You kill the water moccasin!
k - 54 stones You feel very sick.
You feel sick.
You feel sick.
You feel sick.
You feel sick.
A water moccasin is nearby!
You feel sick.
You feel sick.
You see here a +0 dagger.
You feel sick.
You feel sick.
You are no longer poisoned.
There is a stone staircase leading down here.
You start resting.
Magic restored.
You start resting.
Your transformation is almost over.
Your horns disappear.
A water moccasin is nearby!
Casting: Sandblast (safe; 1% risk of failure)
Confirm with . or Enter, or press ? or * to list all spells.
Aiming: Sandblast (safe; 1% risk of failure)
Press: ? - help, Shift-Dir - straight line, f - water moccasin
Aim: a water moccasin (wandering, hasn't noticed you, 68% to hit)
The blast of sand hits the water moccasin.
The water moccasin is lightly wounded.
The water moccasin hisses angrily.
k - 53 stones Are you sure you want to abandon this character and quit the game? (Confirm with "yes".)

..######....###..........#
∩.####...S...##).........# ##
..#..........##.........)#### ##.
+##...#......##.............###..
....###.###.###..........##......
...## #.###.# #..........####....
.[.# ......#####.######## #....
..## ... #......# ##... .###
..#####...S@>############... .#..
........................ .#.
###......############... #..#
######## #....(.. #.## ##.###...
#.# ######..# #...
#.##################......## #...
...............).....###### ##..
...################### ##.


You could see a water moccasin.

Vanquished Creatures
  3 kobold demonologists (D:6)
  Grinder (D:4)
  3 water moccasins
  A black bear (D:7)
  2 ice beasts (D:7)
  A sky beast (D:5)
  An orc warrior (D:6)
  2 ogres
  A centaur (D:3)
  A bullfrog (D:7)
  2 kobold brigands (D:6)
  A gnoll sergeant (D:7)
  A water moccasin skeleton (D:4)
  A howler monkey (D:5)
  A bullfrog zombie (D:5)
  A bullfrog skeleton (D:5)
  2 orc priests (D:6)
  A hound (D:6)
  A centaur skeleton (D:5)
  A howler monkey zombie (D:7)
  5 gnolls
  7 adders
  A shadow imp (D:6)
  2 white imps
  An ufetubus (D:6)
  An adder skeleton (D:2)
  A worm (D:4)
  2 dart slugs
  7 orcs
  11 ball pythons
  11 endoplasms
  2 giant cockroaches
  5 hobgoblins
  7 kobolds
  5 quokkas
  2 bats
  A frilled lizard (D:3)
  9 goblins
  A jackal skeleton (D:4)
  2 rats (D:1)
111 creatures vanquished.

Vanquished Creatures (collateral kills)
  A sky beast (D:7)
  3 gnolls (D:7)
4 creatures vanquished.

Vanquished Creatures (others)
  A gnoll shaman (D:5)
  3 gnolls
4 creatures vanquished.

Grand Total: 119 creatures vanquished

Notes
Turn   | Place    | Note
-------+----------+-------------------------------------------
     0 | D:1      | worthlessgem the Felid Transmuter began the quest for the
                  | Orb.
     0 | D:1      | Reached XP level 1. HP: 9/9 MP: 4/4
   556 | D:1      | Reached XP level 2. HP: 12/12 MP: 4/6
   559 | D:1      | Learned a level 2 spell: Wereblood
   908 | D:1      | Reached skill level 1 in Stealth
  1182 | D:1      | Found a faded altar of an unknown god.
  1842 | D:1      | Reached XP level 3. HP: 15/15 MP: 5/7
  2311 | D:2      | Learned a level 3 spell: Spider Form
  3065 | D:3      | Reached XP level 4. HP: 18/19 MP: 5/9
  3183 | D:3      | Learned a level 1 spell: Sandblast
  3448 | D:3      | Noticed Terence
  3665 | D:3      | Noticed a centaur
  3674 | D:3      | Killed a centaur
  3675 | D:3      | Reached skill level 1 in Earth Magic
  3675 | D:3      | Reached XP level 5. HP: 10/22 MP: 4/11
  4077 | D:4      | Noticed Grinder
  4406 | D:4      | Paralysed by Grinder for 4 turns
  4412 | D:4      | Killed from afar by Grinder
  4413 | D:4      | Reached XP level 4. HP: -7/19 MP: 10/10
  4547 | D:5      | Entered Level 5 of the Dungeon
  4568 | D:5      | Noticed a steam dragon
  4589 | D:5      | Learned a level 2 spell: Passwall
  4598 | D:5      | Reached XP level 5. HP: 18/22 MP: 11/11
  4683 | D:5      | Noticed a water moccasin
  4765 | D:5      | Found a staircase to the Ecumenical Temple.
  4774 | Temple   | Entered the Ecumenical Temple
  5085 | Temple   | Became a worshipper of Elyvilon the Healer
  5352 | D:5      | Noticed a sky beast
  5824 | D:6      | Noticed a kobold demonologist
  5951 | D:7      | Noticed a black bear
  5965 | D:6      | Killed a kobold demonologist
  5966 | D:6      | Gained mutation: You are covered in thick fur. (AC +2)
                  | [Felid growth]
  5966 | D:6      | Reached XP level 6. HP: 21/25 MP: 8/13
  5974 | D:6      | Reached XP level 7. HP: 27/28 MP: 9/14
  5989 | D:6      | Noticed a kobold demonologist
  6257 | D:4      | Got the Handbook of Displacement and Confrontation
  6337 | D:4      | HP: 1/28 [Grinder (2)]
  6340 | D:4      | Killed Grinder
  6404 | D:4      | Found Lunwuajoeh's Serpentskin Sales.
  6740 | D:5      | Reached skill level 5 in Earth Magic
  6800 | D:6      | Found Woid's Magic Scroll Shop.
  6919 | D:6      | Reached * piety under Elyvilon
  7244 | D:5      | Reached XP level 8. HP: 19/34 MP: 8/15
  7396 | D:7      | Reached skill level 3 in Stealth
  7586 | D:7      | Slain by an ice beast
  7587 | D:7      | Reached XP level 7. HP: -5/30 MP: 12/14
  7605 | D:7      | Reached skill level 4 in Stealth
  7713 | D:7      | Reached skill level 5 in Stealth
  7820 | D:7      | Reached skill level 6 in Stealth
  8200 | D:7      | Reached skill level 7 in Stealth
  8590 | D:7      | Found Boisa's Assorted Antiques.
  8642 | D:7      | Reached skill level 5 in Dodging
  8642 | D:7      | Reached XP level 8. HP: 29/34 MP: 15/15
  8696 | D:7      | Reached ** piety under Elyvilon
  8698 | D:7      | Noticed Duvessa
  8698 | D:7      | Noticed Dowan
  8716 | D:6      | Noticed a kobold demonologist
  8744 | D:6      | Noticed a red devil
  8745 | D:6      | Noticed an orange demon
  8745 | D:6      | Killed a kobold demonologist
  8754 | D:6      | HP: 1/34 [kobold brigand/+0 dagger (6)]
  8759 | D:6      | Noticed a rust devil
  8762 | D:6      | Noticed an ice devil
  8768 | D:6      | Noticed a hellwing
  8770 | D:6      | Killed a kobold demonologist
  9321 | D:6      | Reached skill level 5 in Invocations
  9966 | D:5      | Reached XP level 9. HP: 32/38 MP: 11/16
 10191 | D:5      | Reached skill level 1 in Poison Magic
 10671 | D:4      | Quit the game

Illustrated notes

Levels and vault maps discovered:
D:1:      dpeg_arrival_windows_large_door, layout_basic, serial_curves,
          eino_curves_02, eino_curves_02, eino_curves_03, eino_curves_04,
          dreamdust_ecumenical_altar_angels_and_demons, minmay_tetromino_s4
D:2:      layout_rooms
D:3:      wander_river, layout_loops_ring, skrybe_limestone_x, uniq_terence
D:4:      layout_rooms, guppyfry_shop_venom, uniq_grinder
D:5:      minmay_recursive_quarters, layout_rooms,
          minmay_temple_entry_stoned_glass
D:6:      layout_loops_ring, serial_shops,
          nicolae_shop_competitors_out_of_business, hex_tiny, solitary_fountain
D:7:      layout_cave_pods, serial_shops, nicolae_shop_stone,
          uniq_crazy_yiuf_cottage, uniq_duvessa
D:8:      layout_gridville, uniq_grum
Temple:   roderic_octagonal_lattice_temple

Skill      XL: |  1  2  3  4  5  6  7  8  9 |
---------------+----------------------------+-----
Dodging        | 3 5 |  5.3
Stealth        | 1 7 3 |  7.3
Transmutations | 3 4 6 |  6.0
Spellcasting   | 3 4 |  4.0
Earth Magic    | 1 2 3 5 |  5.2
Fighting       | 3 |  3.5
Invocations    | 6 |  6.0
Poison Magic   | 1 |  1.4
Unarmed Combat | |  3.7

Action                   |  1- 3 |  4- 6 |  7- 9 || total
-------------------------+-------+-------+-------++-------
Melee: Unarmed           |   101 |    93 |   208 ||   402
       Bite              |     9 |     5 |     4 ||    18
       Headbutt          |     6 |    13 |     7 ||    26
       Punch             |     1 |     1 |     2 ||     4
 Cast: Beastly Appendage |    30 |    16 |    13 ||    59
       Spider Form       |     4 |     7 |    28 ||    39
       Sandblast         |       |     5 |    38 ||    43
       Wereblood         |       |     2 |     1 ||     3
       Passwall          |       |       |     5 ||     5
Invok: Heal Other        |       |       |     4 ||     4
 Abil: End Transformatio |       |       |     4 ||     4
Evoke: Wand              |       |       |     5 ||     5
  Use: Potion            |     2 |     1 |     7 ||    10
       Scroll            |       |     4 |     1 ||     5
 Stab: Sleeping          |     4 |     3 |     2 ||     9
Armor: Skin              |     5 |     6 |    10 ||    21
Dodge: Dodged            |    65 |    92 |   234 ||   391
